 Dungeon Crawl Stone Soup version 0.29-a0-321-gf1c400731a (webtiles) character file.

Game seed: 8558092591362576400

673 dreadwin the Conjurer (level 7, -1/47 (52) HPs)
             Began as a Red Draconian Conjurer on Apr 3, 2022.
             Was an Elder of Cheibriados.
             Slain by Ijyb
             ... wielding a +2 dagger of electrocution
              (16 damage)
             ... on level 4 of the Dungeon.
             The game lasted 00:17:21 (4763 turns).

dreadwin the Conjurer (Red Draconian Conjurer)      Turns: 4763, Time: 00:17:21

HP:   -1/47 (52)    AC:  7    Str: 19    XL:     7   Next: 33%
MP:   9/13          EV: 13    Int: 29    God:    Cheibriados [****..]
Gold: 134           SH:  0    Dex: 18    Spells: 2/14 levels left

rFire   + + .      SeeInvis .   e - +0 hand axe (vorpal)
rCold   x . .      Faith    .   (no shield)
rNeg    . . .      Spirit   .   (body armour unavailable)
rPois   .          Reflect  .   (helmet restricted)
rElec   .          Harm     .   t - +0 cloak
rCorr   .          Rampage  .   (no gloves)
Will    +....                   (no boots)
Stlth   ++........              (no amulet)
HPRegen 0.15/turn               i - ring of fire
MPRegen 0.13/turn               b - ring of willpower

@: drained, very slow
A: breathe fire, AC +6, unfitting armour, fire resistance 1, cold-blooded
a: Breathe Fire, Renounce Religion, Bend Time, Temporal Distortion, Slouch


You were on level 4 of the Dungeon.
You worshipped Cheibriados.
Cheibriados was greatly pleased with you.
You visited 1 branch of the dungeon, and saw 4 of its levels.

You collected 134 gold pieces.

Inventory:

Hand Weapons
 d - a +0 dagger
 e - a +0 vorpal hand axe (weapon)
 s - a +4 quarterstaff of chaos
Missiles
 c - 69 stones
 g - 4 boomerangs
Armour
 f - a scarf of invisibility
 t - a +0 cloak (worn)
Jewellery
 b - a ring of willpower (right hand)
 i - a ring of fire (left hand)
Scrolls
 h - 2 scrolls of amnesia
 k - a scroll of fog {unknown}
 m - a scroll of holy word {unknown}
 n - 3 scrolls of identify
 o - a scroll of enchant weapon {unknown}
Potions
 a - a potion of magic
 j - a potion of mutation {unknown}
 l - a potion of curing {unknown}
 p - 2 potions of heal wounds
 q - a potion of degeneration {unknown}
 r - a potion of cancellation {unknown}


   Skills:
 + Level 1.4 Fighting
 + Level 1.9 Short Blades
 + Level 1.0 Axes
 + Level 3.1 Dodging
 + Level 3.0 Stealth
 + Level 4.3 Spellcasting
 + Level 5.9 Conjurations
 + Level 0.2 Hexes
 + Level 0.7 Summonings


You had 2 spell levels left.
You knew the following spells:

 Your Spells              Type           Power      Damage    Failure   Level
a - Magic Dart            Conj           100%       1d8       1%          1
b - Searing Ray           Conj           80%        2d7       1%          2
c - Call Imp              Summ           10%        N/A       8%          2
d - Dazzling Flash        Conj/Hex       48%        N/A       5%          3
e - Fulminant Prism       Conj/Hex       12%        3d9       19%         4

Your spell library contained the following spells:

 Spells                   Type           Power      Damage    Failure   Level
 Sting                    Tmut/Pois      24%        1d4       7%          1
 Wereblood                Tmut           6%         N/A       10%         2
 Mephitic Cloud           Conj/Pois/Air  17%        N/A       9%          3
 Iskenderun's Mystic Bla  Conj/Tloc      23%        2d6       21%         4
 Silence                  Hex/Air        3%         N/A       87%         5
 Blade Hands              Tmut           3%         N/A       88%         5
 Borgnjor's Revivificati  Necr           3%         N/A       100%        8
 Necromutation            Tmut/Necr      3%         N/A       100%        8
 Death's Door             Necr           3%         N/A       100%        9


Dungeon Overview and Level Annotations

Branches:
Dungeon (4/15)
 Temple: D:4-7

Altars:
Cheibriados
Qazlal

Shops:
D:2 [

Annotations:
D:4 Edmund, Ijyb


Innate Abilities, Weirdness & Mutations

You can breathe blasts of fire.
Your fiery red scales are hard. (AC +6)
You cannot fit into any form of body armour.
Your flesh is heat resistant. (rF+)
You are cold-blooded and may be slowed by cold attacks.


Message History

Edmund is moderately wounded.
The searing ray hits Ijyb.
Ijyb is moderately wounded. (Press . to maintain the ray.) Edmund hits you with a +2 flail of draining!
You feel drained.
The searing ray hits Edmund.
Edmund is moderately wounded.
The searing ray hits Ijyb!
Ijyb is heavily wounded.
Edmund barely misses you.
The searing ray misses Edmund.
The searing ray hits Ijyb.
Ijyb is severely wounded.
Edmund hits you with a +2 flail of draining.
You feel drained.
The searing ray hits Ijyb.
Ijyb is almost dead.
You finish channelling your searing ray.
Edmund misses you.
Ijyb hits you with a +2 dagger of electrocution.
Edmund misses you. Ijyb misses you.
Casting: Searing Ray (safe; 1% risk of failure)
Confirm with . or Enter, or press ? or * to list all spells.
Okay, then.
Edmund attacks as you move away! Edmund completely misses you.
Edmund closely misses you.
Ijyb hits you with a +2 dagger of electrocution.
Edmund says, "I might not be good at magic, but I can still kill you!"
Edmund misses you.
Ijyb hits you with a +2 dagger of electrocution.
Ijyb attacks as you move away! Ijyb barely misses you.
Edmund hits you with a +2 flail of draining.
You feel drained.
Ijyb hits you with a +2 dagger of electrocution.
Edmund hits you but does no damage.
You feel drained. Ijyb hits you but does no damage.
Ijyb attacks as you move away!
Ijyb hits you with a +2 dagger of electrocution.
You are electrocuted!
You die...

....# †...# .†..# ....##
############### .....
.......@....... ...####
#####.g@...############ ......#
...........##.........# ......#
####.......##...#####.#
....#########.......####.# #.#
.............)......####.#####.#
###.##########.................#
.........................#######
....############.#########


You could see Edmund and Ijyb.

Vanquished Creatures
  Grinder (D:3)
  A jelly (D:2)
  Crazy Yiuf (D:3)
  Jessica (D:2)
  Natasha (twice) (D:3)
  6 gnolls
  3 adders
  2 worms
  2 orcs
  10 ball pythons
  8 endoplasms
  3 giant cockroaches
  5 goblins
  7 hobgoblins
  6 jackals
  5 quokkas
  9 bats
  5 frilled lizards
  3 kobolds
  6 rats
86 creatures vanquished.

Vanquished Creatures (collateral kills)
  Sigmund (D:3)
1 creature vanquished.

Vanquished Creatures (others)
  A fulminant prism (D:4)
1 creature vanquished.

Grand Total: 88 creatures vanquished

Notes
Turn   | Place    | Note
-------+----------+-------------------------------------------
     0 | D:1      | dreadwin the Draconian Conjurer began the quest for the
                  | Orb.
     0 | D:1      | Reached XP level 1. HP: 14/14 MP: 3/3
   149 | D:1      | Found a faded altar of an unknown god.
   157 | D:1      | Prayed at the altar of an unknown god.
   157 | D:1      | Became a worshipper of Cheibriados the Contemplative
   157 | D:1      | Reached * piety under Cheibriados
   317 | D:1      | Reached XP level 2. HP: 8/20 MP: 1/5
   323 | D:1      | Learned a level 2 spell: Searing Ray
   980 | D:1      | Reached ** piety under Cheibriados
  1287 | D:1      | Reached XP level 3. HP: 14/26 MP: 2/6
  1583 | D:2      | Learned a level 2 spell: Call Imp
  1689 | D:2      | Reached XP level 4. HP: 17/33 MP: 0/7
  1831 | D:2      | Noticed Jessica
  1840 | D:2      | Killed Jessica
  1841 | D:2      | Reached skill level 5 in Conjurations
  2155 | D:2      | Reached skill level 1 in Short Blades
  2433 | D:2      | Reached XP level 5. HP: 39/39 MP: 5/9
  2437 | D:2      | Learned a level 3 spell: Dazzling Flash
  2437 | D:2      | Reached *** piety under Cheibriados
  2506 | D:2      | Found Zohah's Armour Shop.
  2956 | D:3      | Found a stormy altar of Qazlal.
  3365 | D:3      | Noticed Sigmund
  3376 | D:3      | Killed Sigmund
  3377 | D:3      | Reached skill level 1 in Fighting
  3377 | D:3      | Reached XP level 6. HP: 46/47 MP: 0/11
  3542 | D:3      | Noticed Natasha
  3545 | D:3      | Killed Natasha
  3549 | D:3      | Identified the +4 robe of the Crypt {+Inv rC+++ Dex-5}
  3663 | D:3      | Noticed Grinder
  3674 | D:3      | Reached **** piety under Cheibriados
  3678 | D:3      | Paralysed by Grinder for 5 turns
  3688 | D:3      | Killed Grinder
  3689 | D:3      | Reached skill level 1 in Axes
  3689 | D:3      | Your scales start taking on a fiery red colour.
  3689 | D:3      | Reached XP level 7. HP: 31/52 MP: 0/13
  3689 | D:3      | Gained mutation: Your flesh is heat resistant. (rF+) [Red
                  | Draconian growth]
  3913 | D:3      | Found a runed translucent door.
  3914 | D:3      | Noticed Crazy Yiuf
  3921 | D:3      | Killed Crazy Yiuf
  4059 | D:3      | Noticed Natasha
  4069 | D:3      | Killed Natasha
  4307 | D:4      | Got the Guide on Moulding and Weightlessness
  4313 | D:4      | Learned a level 4 spell: Fulminant Prism
  4655 | D:4      | Noticed Edmund
  4655 | D:4      | Noticed Ijyb
  4763 | D:4      | Slain by Ijyb

Illustrated notes

Levels and vault maps discovered:
D:1:      tarquinn_simple_flora_water_a, layout_basic,
          dreamdust_ecumenical_altar_hidden_monk_grotto
D:2:      layout_rooms, serial_shops, shop, uniq_jessica
D:3:      layout_loops_corners, mainiacjoe_overflow_boulevard, hex_tiny,
          kennysheep_big_empty_room, uniq_grinder, uniq_crazy_yiuf_cottage,
          uniq_natasha, uniq_sigmund
D:4:      layout_basic, uniq_edmund, uniq_ijyb

Skill      XL: |  1  2  3  4  5  6  7 |
---------------+----------------------+-----
Stealth        | 2 3 |  3.0
Dodging        | 2 3 |  3.1
Conjurations   | 5 |  5.9
Short Blades   | 1 |  1.9
Fighting       | 1 |  1.4
Spellcasting   | 3 4 |  4.3
Axes           | 1 |  1.0
Hexes          | |  0.2
Summonings     | |  0.7

Action                   |  1- 3 |  4- 6 |  7- 9 || total
-------------------------+-------+-------+-------++-------
Melee: Dagger            |    23 |     3 |       ||    26
       Tailslap          |     2 |     2 |       ||     4
       Hand axe          |       |     5 |     4 ||     9
 Cast: Magic Dart        |    57 |    64 |     9 ||   130
       Searing Ray       |     2 |    10 |     4 ||    16
       Call Imp          |       |     2 |       ||     2
       Dazzling Flash    |       |     1 |       ||     1
       Fulminant Prism   |       |       |     1 ||     1
 Abil: Breathe Fire      |       |       |     2 ||     2
  Use: Scroll            |     1 |     5 |       ||     6
Armor: Skin              |    10 |    15 |     5 ||    30
Dodge: Dodged            |    24 |    42 |    11 ||    77

Table legend: (Time is in decaauts)
 A = Elapsed time spent in this place.
 B = Non-inter-level travel time spent in this place.
 C = Inter-level travel time spent in this place.
 D = Time resting spent in this place.
 E = Time spent auto-exploring this place.
 F = Levels seen in this place.
 G = Mean time per level.
                   A        B        C        D        E       F      G
               +--------+--------+--------+--------+--------+-----+--------+
         Total |   6083 |   6005 |     78 |      0 |   4880 |   4 | 1520.8 |
       Dungeon |   6083 |   6005 |     78 |      0 |   4880 |   4 | 1520.8 |
               +--------+--------+--------+--------+--------+-----+--------+

Top non-repeatable levels by time:
     D:1: 1984 daAuts
     D:3: 1947 daAuts
     D:2: 1445 daAuts
     D:4: 706 daAuts
